 Dungeon Crawl Stone Soup version 0.26-a0-26-ge22fd8933b (webtiles) character file.

Game seed: 14382899266620054172, levelgen mode: deterministic

5859 Harbin the Cruncher (level 10, -10/74 HPs)
             Began as a Black Draconian Conjurer on May 27, 2020.
             Was a Believer of Hepliaklqana.
             Killed from afar by Maggie (13 damage)
             ... with an exploding inner flame
             ... hexed by the player character
             ... on level 9 of the Dungeon.
             The game lasted 01:51:15 (10335 turns).

Harbin the Cruncher (Black Draconian Conjurer)     Turns: 10335, Time: 01:51:15

Health: -10/74     AC: 11    Str: 22    XL:     10   Next: 52%
Magic:  15/15      EV: 14    Int: 17    God:    Hepliaklqana [**....]
Gold:   448        SH:  5    Dex: 10    Spells: 16/19 levels left

rFire    + . .     SeeInvis .   B - +3 quarterstaff of the Endless Planets {vorpal, *Rage rPois Str+9 Dex-5}
rCold    + . .     Gourm    .   (shield currently unavailable)
rNeg     . . .     Faith    .   (armour unavailable)
rPois    +         Spirit   .   z - +1 hat
rElec    +         Reflect  +   o - scarf {repulsion}
rCorr    .         Harm     .   d - +1 pair of gloves
MR       .....     Rnd*Rage +   K - +0 pair of boots {Fly} Stlth +++.......Rnd*Tele +
                                x - amulet of reflection
HPRegen  0.22/turn              v - ring of fire
MPRegen  0.14/turn              j - ring of the Butterfly {+Fly rPois rC+ Stlth+}

@: about to teleport, short of breath, flying, slowed, repel missiles, very slow
A: breathe lightning, unfitting armour, reduced essence, hooves 1, agile 1, cold
resistance 1, low mp 1, electricity resistance, strong 1, teleportitis 1,
cold-blooded, AC +7
a: Breathe Lightning, Recall Ancestor, Ancestor Identity, Renounce Religion,
Stop Flying


You were on level 9 of the Dungeon.
You worshipped Hepliaklqana.
Hepliaklqana was pleased with you.
You were not hungry.

You visited 2 branches of the dungeon, and saw 10 of its levels.

You collected 448 gold pieces.

Inventory:

Hand Weapons
 c - a +0 dagger of distortion
 h - a +0 short sword
 k - a +2 dagger of venom
 l - a +0 flail of protection
 p - a +0 mace of holy wrath
 q - a +0 halberd
 B - the +3 quarterstaff of the Endless Planets (weapon) {vorpal, *Rage rPois Str+9 Dex-5}
   (You found it on level 7 of the Dungeon)

   It inflicts extra damage upon your enemies.
   It affects your strength (+9).
   It affects your dexterity (-5).
   It protects you from poison.
   It may make you go berserk in combat.
 D - a +0 long sword
 F - a cursed +4 dire flail of freezing
 I - a +5 quarterstaff of chaos
Missiles
 e - 30 poisoned darts (quivered)
 N - 5 throwing nets
Armour
 d - a +1 pair of gloves (worn)
 i - a scarf of invisibility
 o - a scarf of repulsion (worn)
 y - a scarf of invisibility
 z - a +1 hat (worn)
 G - a +0 pair of boots
 H - a +0 cloak
 K - a +0 pair of boots of flying (worn)
Jewellery
 j - the ring of the Butterfly (right hand) {+Fly rPois rC+ Stlth+}
   (You acquired it on level 6 of the Dungeon)

   [ring of flight]

   It protects you from cold.
   It protects you from poison.
   It lets you fly.
   It makes you more stealthy.
 n - an uncursed ring of stealth
 r - an uncursed amulet of reflection
 v - a ring of fire (left hand)
 x - an amulet of reflection (around neck)
Wands
 m - a wand of acid (4)
 E - a wand of flame (33)
Scrolls
 a - 6 scrolls of identify
 f - 3 scrolls of amnesia
 s - a scroll of teleportation
 t - 2 scrolls of remove curse
 u - 2 scrolls of blinking
 A - a scroll of magic mapping
Potions
 g - a potion of flight
 w - a potion of degeneration
 J - a potion of brilliance
Comestibles
 b - 17 rations
 L - a chunk of flesh


   Skills:
 - Level 6.1 Fighting
 - Level 5.8 Short Blades
 * Level 9.6 Staves
 - Level 5.1 Dodging
 - Level 3.3 Stealth
 - Level 5.1 Spellcasting
 - Level 6.5 Conjurations


You had 16 spell levels left.
You knew the following spells:

 Your Spells              Type           Power        Failure   Level  Hunger
a - Magic Dart            Conj           ####         1%          1    None
b - Searing Ray           Conj           ####..       1%          2    #......

Your spell library contained the following spells:

 Spells                   Type           Power        Failure   Level  Hunger
 Dazzling Flash           Conj/Hex       ###...       11%         3    ###....
 Fulminant Prism          Conj/Hex       ###.......   36%         4    ####...
 Iskenderun's Mystic Bla  Conj/Tloc      ###.....     36%         4    ####...


Dungeon Overview and Level Annotations

Branches:
Dungeon (9/15)             Temple (1/1) D:4
   Lair: D:8-11         Orc: D:9-12

Altars:
Dithmenos
Elyvilon
Fedhas
Hepliaklqana
Kikubaaqudgha
Nemelex Xobeh
Sif Muna
Uskayaw
Vehumet
Wu Jian
Xom
The Shining One

Annotations:
D:3 1 runed translucent door, Ocherednoy's ghost, amateur DrBe
D:7 , 2 runed translucent doors, Slyspawn's ghost, novice TrBe


Innate Abilities, Weirdness & Mutations

You can breathe wild blasts of lightning.
Your glossy black scales are hard. (AC +7)
You cannot fit into any form of body armour.
You are resistant to electric shocks. (rElec)
You are cold-blooded and may be slowed by cold attacks.
Your life essence is reduced to manifest your ancestor. (-10% HP)
You have large cloven feet.
You are agile. (Dex +2)
Your flesh is cold resistant. (rC+)
Your magical capacity is low. (-10% MP)
Your muscles are strong. (Str +2)
You are occasionally teleported next to monsters.


Message History

* * * LOW HITPOINT WARNING * * *
Gunter hits Maggie with a +0 flail.
Flame seeps out of Maggie.
The hornet stings you.
* * * LOW HITPOINT WARNING * * *
Okay, then.
As you read the scroll of teleportation, it crumbles to dust.
You feel strangely unstable. The hornet stings you!
* * * LOW HITPOINT WARNING * * *
You feel yourself slow down.
Maggie is engulfed in blazing flames.
Flame seeps out of Maggie.
Maggie hits you but does no damage.
Gunter hits Maggie with a +0 flail.
Flame seeps out of Maggie.
You hit Maggie.
You are no longer entranced.
Maggie explodes!
The fiery explosion engulfs Gunter!!
Gunter resists.
Flame seeps out of Gunter.
Gunter is heavily damaged.
The fiery explosion engulfs you! You resist.
You die...

..........##
#.........##
##.........##
..#...........##
...............##
......[.........##
.................#
..................
........§R@.......
........§§§y......
........§§t5......
..................
............#..#++
.. ....#.....##.##
... !.###..... #
...# #...#......
....###.......


You could see the friendly Gunter the knight (inner flame), a hornet (inner
flame), a crocodile (inner flame) and a crimson imp.

Vanquished Creatures
  Harold (D:8)
  A blink frog (D:6)
  An ice beast (D:5)
  An orc warrior (D:8)
  A slave (D:8)
  3 phantoms
  A sky beast (D:9)
  4 ogres
  2 bullfrogs (D:6)
  A jelly (D:6)
  2 killer bees (D:8)
  2 wights (D:8)
  4 electric eels
  A howler monkey (D:6)
  2 centaur zombies
  3 crimson imps
  A bullfrog zombie (D:7)
  3 orc priests
  Crazy Yiuf (D:3)
  3 hounds
  2 bullfrog skeletons (D:5)
  8 orc wizards
  2 worker ants
  A killer bee zombie (D:2)
  A hound skeleton (D:6)
  A worker ant zombie (D:6)
  Robin (D:4)
  3 adders
  3 gnolls (D:4)
  A howler monkey skeleton (D:2)
  2 shadow imps
  An ooze (D:1)
  An adder skeleton (D:8)
  3 worms
  3 dart slugs
  20 orcs
  A ball python (D:4)
  A bat zombie (D:2)
  8 giant cockroaches
  13 goblins
  12 hobgoblins
  13 jackals
  6 kobolds
  3 quokkas
  10 bats
  7 frilled lizards
  A giant cockroach zombie (D:2)
  A jackal skeleton (D:6)
  5 rats
172 creatures vanquished.

Vanquished Creatures (collateral kills)
  Gastronok (D:9)
  Pikel (D:8)
  An orc warrior (D:8)
  A bullfrog (D:5)
  2 killer bees (D:8)
  A howler monkey (D:8)
  A wight (D:8)
  An electric eel (D:7)
  A crimson imp (D:5)
  A bullfrog zombie (D:7)
  An orc priest (D:8)
  A hound (D:8)
  A jelly (D:7)
  A worker ant (D:6)
  An adder (D:5)
  A shadow imp (D:6)
  A worm (D:5)
  3 orcs
  A giant cockroach (D:7)
  3 jackals
25 creatures vanquished.

Grand Total: 197 creatures vanquished

Notes
Turn   | Place    | Note
-------+----------+-------------------------------------------
     0 | D:1      | Harbin the Draconian Conjurer began the quest for the Orb.
     0 | D:1      | Reached XP level 1. HP: 14/14 MP: 3/3
   455 | D:1      | Reached XP level 2. HP: 8/22 MP: 0/5
   720 | D:1      | Reached skill level 1 in Fighting
   772 | D:1      | Learned a level 2 spell: Searing Ray
   960 | D:1      | Reached XP level 3. HP: 28/28 MP: 3/6
  2090 | D:2      | Reached XP level 4. HP: 36/36 MP: 7/7
  2173 | D:2      | Reached skill level 1 in Short Blades
  2614 | D:3      | Found a faded altar of an unknown god.
  2644 | D:3      | Became a worshipper of Xom of Chaos
  2688 | D:3      | Found a runed translucent door.
  2689 | D:3      | Noticed Ocherednoy's ghost (amateur DrBe)
  2709 | D:3      | XOM: silly message
  2717 | D:3      | XOM: silly message
  2886 | D:3      | Found a runed translucent door.
  2887 | D:3      | Noticed Crazy Yiuf
  3316 | D:4      | Noticed Robin
  3336 | D:4      | XOM: confusion
  3346 | D:4      | Killed Robin
  3346 | D:4      | Reached XP level 5. HP: 31/42 MP: 1/9
  3348 | D:4      | XOM: enchant monster (bad)
  3568 | D:4      | Found a hide-covered altar of Uskayaw.
  3758 | D:4      | XOM: god gift: chain mail {god gift}
  3873 | D:4      | Noticed a phantom
  3885 | D:4      | Killed a phantom
  3885 | D:4      | Reached XP level 6. HP: 51/51 MP: 2/10
  4082 | D:4      | XOM: give mutations
  4082 | D:4      | Gained mutation: Scrolls take you a little longer to read.
                  | [Xom's mischief]
  4082 | D:4      | Gained mutation: You are weak. (Str -2) [Xom's mischief]
  4091 | D:4      | XOM: blink monster(s)
  4094 | D:4      | XOM: scenery: 1 doors open
  4109 | D:4      | XOM: give mutations
  4109 | D:4      | Gained mutation: You are dopey. (Int -2) [Xom's mischief]
  4109 | D:4      | Gained mutation: Your magical capacity is low. (-10% MP)
                  | [Xom's mischief]
  4121 | D:4      | XOM: noise
  4138 | D:4      | XOM: give mutations
  4138 | D:4      | Lost mutation: Scrolls take you a little longer to read.
                  | [Xom's mischief]
  4138 | D:4      | Gained mutation: Your magical capacity is very low. (-20%
                  | MP) [Xom's mischief]
  4183 | D:4      | HP: 2/52 [poisoned by an adder]
  4525 | D:4      | Your scales start taking on a glossy black colour.
  4525 | D:4      | Reached XP level 7. HP: 55/58 MP: 3/9
  4525 | D:4      | Gained mutation: You are resistant to electric shocks.
                  | (rElec) [Black Draconian growth]
  4622 | D:4      | Found a staircase to the Ecumenical Temple.
  4628 | Temple   | Entered the Ecumenical Temple
  4695 | Temple   | Fell from the grace of Xom
  4695 | Temple   | Became a worshipper of Hepliaklqana the Forgotten
  5004 | D:5      | Entered Level 5 of the Dungeon
  5205 | D:5      | Found a sparkling altar of Nemelex Xobeh.
  5293 | D:5      | Reached skill level 5 in Conjurations
  5603 | D:5      | XOM: noise
  5615 | D:5      | XOM: summons 1 hostile demon
  5616 | D:5      | Noticed a rust devil
  5868 | D:5      | Reached * piety under Hepliaklqana
  6155 | D:5      | XOM: give mutations
  6155 | D:5      | Gained mutation: Your body sometimes deteriorates upon
                  | taking damage. [Xom's mischief]
  6155 | D:5      | Gained mutation: Your body often deteriorates upon taking
                  | damage. [Xom's mischief]
  6155 | D:5      | Gained mutation: You have large cloven feet. [Xom's
                  | mischief]
  6155 | D:5      | Lost mutation: Your body often deteriorates upon taking
                  | damage. [Xom's mischief]
  6201 | D:6      | Reached XP level 8. HP: 49/60 MP: 7/10
  6374 | D:6      | Noticed a blink frog
  6374 | D:6      | XOM: polymorph something unseen -> blink frog
  6395 | D:6      | Killed a blink frog
  6399 | D:6      | Identified a scroll of acquirement
  6400 | D:6      | Got the ring of the Butterfly {+Fly rPois rC+ Stlth+}
  6701 | D:6      | XOM: 6-stop teleportation journey
  6738 | D:6      | Reached skill level 5 in Short Blades
  6825 | D:6      | Found a shadowy altar of Dithmenos.
  6825 | D:6      | XOM: 1-stop teleportation journey
  7181 | D:6      | Reached skill level 5 in Fighting
  7265 | D:6      | Reached ** piety under Hepliaklqana
  7266 | D:6      | Remembered your ancestor Gunter as a knight
  7305 | D:6      | XOM: god gift: 14 stones
  7798 | D:7      | Found a transporter.
  7805 | D:7      | Found a transporter.
  7947 | D:7      | Found a large runed translucent door.
  7947 | D:7      | Found a large runed translucent door.
  7950 | D:7      | Noticed Slyspawn's ghost (novice TrBe)
  8106 | D:7      | Got a crystal quarterstaff
  8106 | D:7      | Identified the +3 quarterstaff of the Endless Planets
                  | {vorpal, *Rage rPois Str+9 Dex-5} (You found it on level 7
                  | of the Dungeon)
  8143 | D:7      | Reached skill level 1 in Staves
  8319 | D:3      | Killed Crazy Yiuf
  8461 | D:7      | Reached XP level 9. HP: 66/66 MP: 12/12
  8696 | D:7      | Lost mutation: You are weak. (Str -2) [potion of mutation]
  8696 | D:7      | Lost mutation: You are dopey. (Int -2) [potion of mutation]
  8696 | D:7      | Lost mutation: Your magical capacity is very low. (-20% MP)
                  | [potion of mutation]
  8696 | D:7      | Gained mutation: Your tail ends in a poisonous barb.
                  | [potion of mutation]
  8696 | D:7      | Gained mutation: Your muscles are strong. (Str +2) [potion
                  | of mutation]
  8696 | D:7      | Gained mutation: You are agile. (Dex +2) [potion of
                  | mutation]
  8809 | D:8      | Reached skill level 2 in Staves
  8827 | D:8      | XOM: 3-stop teleportation journey
  9204 | D:8      | Noticed Harold
  9336 | D:8      | Reached skill level 3 in Staves
  9498 | D:8      | Reached skill level 5 in Spellcasting
  9515 | D:8      | Reached skill level 5 in Dodging
  9597 | D:8      | Noticed Pikel
  9605 | D:8      | Reached skill level 4 in Staves
  9612 | D:8      | Killed Pikel
  9612 | D:8      | Reached skill level 5 in Staves
  9823 | D:8      | XOM: noise
  9843 | D:8      | Killed Harold
  9843 | D:8      | Reached skill level 7 in Staves
  9843 | D:8      | Reached XP level 10. HP: 59/74 MP: 9/15
 10127 | D:8      | Lost mutation: Your body sometimes deteriorates upon taking
                  | damage. [potion of mutation]
 10127 | D:8      | Lost mutation: Your tail ends in a poisonous barb. [potion
                  | of mutation]
 10127 | D:8      | Gained mutation: You are occasionally teleported next to
                  | monsters. [potion of mutation]
 10127 | D:8      | Gained mutation: Your flesh is cold resistant. (rC+)
                  | [potion of mutation]
 10129 | D:9      | Noticed Gastronok
 10142 | D:9      | Killed Gastronok
 10142 | D:9      | Reached skill level 9 in Staves
 10295 | D:9      | XOM: 2-stop teleportation journey
 10315 | D:9      | XOM: 3-stop teleportation journey
 10316 | D:9      | Noticed Maggie
 10328 | D:9      | Paralysed by a hornet for 1 turns
 10334 | D:9      | HP: 3/74 [hornet (8)]
 10335 | D:9      | Killed Maggie
 10335 | D:9      | Killed from afar by Maggie

Illustrated notes

Levels and vault maps discovered:
D:1:      lightli_arrival_maybe_door_vault, layout_basic
D:2:      layout_loops_ring, serial_undead, serial_undead_a, serial_undead_f,
          serial_undead_c, serial_undead_e, serial_undead_b, serial_undead_d,
          serial_undead_f
D:3:      layout_loops_ring, hellmonk_ghost_happy_afterlife,
          chequers_ecumenical_altar_island, uniq_crazy_yiuf_cottage
D:4:      layout_basic, lemuel_crystal_altar, minmay_temple_entry_hall,
          uniq_robin
D:5:      layout_basic, first_ration, nemelex_lonely_heart_becter
D:6:      layout_gridville, basic_altar, chequers_big_river
D:7:      gammafunk_steamed_eel, layout_basic, ebering_ghost_disaster_area
D:8:      layout_loops_cross, grunt_ogre_cave, minmay_diced_spiral, uniq_harold,
          uniq_pikel
D:9:      layout_big_octagon, orc_0_dummy, serial_gnoll_camp,
          gnoll_camp_mini_sergeant, gnoll_camp_mini_loothouse,
          gnoll_camp_mini_house, gnoll_camp_mini_hut, gnoll_camp_mini_hut,
          minivault_10, uniq_maurice, uniq_gastronok, uniq_maggie
Temple:   minmay_crystal_snake_temple

Skill      XL: |  1  2  3  4  5  6  7  8  9 10 |
---------------+-------------------------------+-----
Dodging        | 2 3 4 5 |  5.1
Fighting       | 1 2 3 4 5 6 |  6.1
Short Blades   | 1 2 3 4 5 |  5.8
Stealth        | 2 3 |  3.3
Spellcasting   | 3 4 5 |  5.1
Conjurations   | 5 6 |  6.5
Staves         | 1 7 9 |  9.6

Action                   |  1- 3 |  4- 6 |  7- 9 | 10-12 || total
-------------------------+-------+-------+-------+-------++-------
Melee: Unarmed           |    43 |       |       |       ||    43
       Tailslap          |    18 |    14 |    24 |     5 ||    61
       Dagger            |    52 |    36 |   169 |       ||   257
       Short sword       |    62 |   109 |       |       ||   171
       Kick              |       |       |    23 |       ||    23
       Quarterstaff      |       |       |    56 |    25 ||    81
Throw: Dart              |       |       |     4 |       ||     4
 Cast: Magic Dart        |    31 |    43 |    71 |       ||   145
       Searing Ray       |       |     9 |    12 |       ||    21
Invok: Recall Ancestor   |       |       |     1 |     1 ||     2
       Ancestor Identity |       |       |     1 |     1 ||     2
       Ancestor Life: Kn |       |       |     1 |       ||     1
 Abil: Breathe Lightning |       |       |     2 |     2 ||     4
  Use: Potion            |       |     6 |     6 |     2 ||    14
       Scroll            |       |     4 |     6 |     2 ||    12
 Stab: Sleeping          |     3 |     5 |     7 |     1 ||    16
       Distracted        |       |       |     3 |       ||     3
  Eat: Chunk             |     4 |     8 |    11 |     2 ||    25
       Ration            |       |       |     2 |       ||     2
Armor: Skin              |    45 |    62 |    53 |    11 ||   171
Dodge: Dodged            |   108 |   130 |   134 |     8 ||   380
       Repelled          |       |       |     3 |     1 ||     4
Block: Other             |       |       |    21 |     3 ||    24

Table legend:
 A = Non-vault XP
 B = Vault XP
 C = Vault XP percentage of total XP
 D = Non-vault monster count
 E = Vault monster count
 F = Vault count percentage of total count
                 A         B        C        D         E       F
            +---------+---------+-------+---------+---------+-------
      Total |    4184 |    4187 |  50.0 |     174 |      22 |  11.2
            +---------+---------+-------+---------+---------+-------
        D:1 |      51 |       0 |   0.0 |      25 |       0 |   0.0
        D:2 |      63 |      16 |  20.3 |      19 |       3 |  13.6
        D:3 |      36 |      42 |  53.8 |      16 |       1 |   5.9
        D:4 |     562 |      35 |   5.9 |      28 |      11 |  28.2
        D:5 |     604 |       0 |   0.0 |      13 |       0 |   0.0
        D:6 |     803 |       0 |   0.0 |      24 |       0 |   0.0
        D:7 |     631 |     159 |  20.1 |      15 |       3 |  16.7
        D:8 |    1222 |    1690 |  58.0 |      28 |       3 |   9.7
        D:9 |     212 |    2245 |  91.4 |       6 |       1 |  14.3
            +---------+---------+-------+---------+---------+-------
